 Dungeon Crawl Stone Soup version 0.28.0-45-g0d030f2227 (webtiles) character file.

Game seed: 13519352235610889150

46 brightshaft the Cudgeller (level 3, -1/23 HPs)
             Began as a Gargoyle Monk on Apr 16, 2022.
             Slain by a hobgoblin (2 damage)
             ... led by Robin
             ... on level 1 of the Dungeon.
             The game lasted 00:01:49 (1325 turns).

brightshaft the Cudgeller (Gargoyle Monk)           Turns: 1325, Time: 00:01:49

Health: -1/23      AC:  6    Str: 16    XL:     3   Next: 66%
Magic:  3/3        EV: 12    Int: 10    God:
Gold:   0          SH:  0    Dex: 12    Spells: 2/2 levels left

rFire   . . .      SeeInvis .   a - +0 mace
rCold   . . .      Faith    .   e - orb {light}
rNeg    + . .      Spirit   .   c - +0 leather armour
rPois   ∞          Reflect  .   (no helmet)
rElec   +          Harm     .   (no cloak)
rCorr   .          Rampage  .   (no gloves)
Will    .....                   (no boots)
Stlth   +.........              (no amulet)
HPRegen 0.07/turn               (no ring)
MPRegen 0.08/turn               (no ring)

@: glowing
A: sickness immunity, AC +3, negative energy resistance 1, electricity
resistance, torment resistance 1, petrification resistance
a: no special abilities


You were on level 1 of the Dungeon.
You visited 1 branch of the dungeon, and saw 2 of its levels.

Inventory:

Hand Weapons
 a - a +0 mace (weapon)
Armour
 b - a +0 robe
 c - a +0 leather armour (worn)
 e - an orb of light (worn)
Jewellery
 h - a ring of magical power
Scrolls
 d - a scroll of identify {unknown}
 g - a scroll of enchant weapon {unknown}
Potions
 f - a potion of cancellation {unknown}


   Skills:
 - Level 3.2 Fighting
 * Level 4.5 Maces & Flails
 - Level 2.4 Dodging
 - Level 2.1 Stealth


You had 2 spell levels left.
You didn't know any spells.
Your spell library was empty.

Dungeon Overview and Level Annotations

Branches:
Dungeon (2/15)

Altars:

Annotations:
D:2 Robin


Innate Abilities, Weirdness & Mutations

You are immune to sickness and miasma.
Your stone body is resilient. (AC +3)
You are immune to poison.
You resist negative energy. (rN+)
You are resistant to electric shocks. (rElec)
You are resistant to unholy torment.
You are immune to petrification.


Message History

Things that are here:
a +0 club; a +0 hunting sling; 23 stones The goblin hits you with a +0 club.
You sock the goblin!
You kill the goblin!
The goblin closely misses you.
You sock the goblin!
You kill the goblin!
Things that are here:
a +0 club; a +0 club; a goblin corpse
Things that are here:
a +0 club; a +0 club; a goblin corpse HP restored.
Done exploring.
Things that are here:
a +0 club; a +0 hunting sling; 23 stones You see here a +0 club.
There is a stone staircase leading down here.
You climb downwards.
Level annotation: Robin The goblin misses you.
The goblin hits you with a +0 dagger. The goblin barely misses you.
Robin laughs in a distinctly smug fashion.
Robin roars a battlecry!
The goblins go into a battle-frenzy!
There is a stone staircase leading up here.
The hobgoblin hits you but does no damage.
The goblin hits you with a +0 dagger. The goblin hits you with a +0 club. x2
You climb upwards.
There is a stone staircase leading down here.
You closely miss the goblin. The hobgoblin barely misses you.
The goblin hits you with a +0 dagger. The goblin hits you but does no damage.
You barely miss the goblin. The hobgoblin barely misses you.
The goblin hits you with a +0 dagger. The goblin barely misses you.
You barely miss the goblin. The hobgoblin hits you.
* * * LOW HITPOINT WARNING * * *
The goblin closely misses you. The goblin hits you with a +0 club.
* * * LOW HITPOINT WARNING * * *
The hobgoblin hits you.
You die...

.# ####...## ########
#.#.##. .########...#
######### #......
.......##...####.......#
###.###
.#####.##.#...##.......#
#.#
............#.##.......#
###.###
...............).......#
#.....#
..............##g......#
#.#.#.#
..)....##.######gg.....#
#.#.#.# .########.#
#@g.....# #.#.#.# .# #.#
######### #.....# .# #.#
###.### .###### #.# #.#
......# #.# #.# ....#.#
#†####### ###########.#
#.#.#.# #.......#
#...........# #)#.#.#
#######.###.###########
..#.#.##### #>.[..#


You could see a hobgoblin (strong) and 3 goblins.

Vanquished Creatures
  2 dart slugs (D:1)
  An endoplasm (D:1)
  2 giant cockroaches (D:1)
  9 goblins (D:1)
  4 hobgoblins (D:1)
  3 jackals (D:1)
  A quokka (D:1)
  4 ball pythons (D:1)
  3 bats (D:1)
  2 frilled lizards (D:1)
  2 kobolds (D:1)
  2 rats (D:1)
35 creatures vanquished.

Notes
Turn   | Place    | Note
-------+----------+-------------------------------------------
     0 | D:1      | brightshaft the Gargoyle Monk began the quest for the Orb.
     0 | D:1      | Reached XP level 1. HP: 14/14 MP: 1/1
   132 | D:1      | Reached XP level 2. HP: 11/19 MP: 2/2
   537 | D:1      | Reached skill level 4 in Maces & Flails
   546 | D:1      | Reached XP level 3. HP: 11/23 MP: 3/3
  1124 | D:2      | Noticed Robin
  1325 | D:1      | HP: 1/23 [goblin/+0 club[Robin] (2)]
  1325 | D:1      | Slain by a hobgoblin

Illustrated notes

Levels and vault maps discovered:
D:1:      dpeg_arrival_rooms_b, layout_loops_cross
D:2:      layout_basic, ebering_dispersal_statue_hall, uniq_robin, uniq_jessica

Skill      XL: |  1  2 |
---------------+-------+-----
Maces & Flails | 4 |  4.5
Fighting       | |  3.2
Dodging        | |  2.4
Stealth        | |  2.1

Action                   || total
-------------------------++-------
Melee: Mace              ||    89
Armor: Leather armour    ||    45
Dodge: Dodged            ||    97
